 Dungeon Crawl Stone Soup version 0.28.0-43-g3370ac3207 (webtiles) character file.

Game seed: 6472535777851006753

286 Ablot the Grasshopper (level 6, -1/50 HPs)
             Began as a Gnoll Warper on Mar 7, 2022.
             Slain by Pikel
             ... wielding a +1 whip of flaming
              (3 damage)
             ... on level 3 of the Dungeon.
             The game lasted 00:05:12 (4206 turns).

Ablot the Grasshopper (Gnoll Warper)                Turns: 4206, Time: 00:05:13

Health: -1/50      AC:  8    Str: 12    XL:     6   Next: 30%
Magic:  14/14      EV: 13    Int: 12    God:
Gold:   79         SH:  0    Dex: 12    Spells: 13/15 levels left

rFire   . . .      SeeInvis .   m - +2 dagger (freeze)
rCold   . . .      Faith    .   (no shield)
rNeg    . . .      Spirit   .   b - +0 leather armour
rPois   .          Reflect  .   y - +0 helmet
rElec   .          Harm     .   q - scarf {shadows}
rCorr   .          Rampage  .   (no gloves)
Will    .....                   (no boots)
Stlth   ++........              (no amulet)
HPRegen 0.16/turn               o - +4 ring of protection
MPRegen 0.14/turn               (no ring)

@: no status effects
A: fangs 1, strong nose, distributed training
a: no special abilities


You were on level 3 of the Dungeon.
You visited 1 branch of the dungeon, and saw 4 of its levels.

You collected 133 gold pieces.
You spent 54 gold pieces at shops.

Inventory:

Hand Weapons
 a - a +0 spear
 m - a +2 dagger of freezing (weapon)
 x - a +0 hunting sling
Missiles
 d - 5 boomerangs of dispersal
 i - 41 arrows
 k - 79 stones
 p - 68 sling bullets
 u - 6 poisoned darts (quivered)
 w - 3 boomerangs
Armour
 b - a +0 leather armour (worn)
 q - a scarf of shadows (worn)
 y - a +0 helmet (worn)
Jewellery
 o - a +4 ring of protection (left hand)
Wands
 r - a wand of iceblast (9)
Scrolls
 c - a scroll of blinking
 f - 2 scrolls of identify
 h - a scroll of amnesia {unknown}
 s - a scroll of noise {unknown}
 t - a scroll of enchant armour {unknown}
 v - a scroll of fog
Potions
 e - 3 potions of brilliance {unknown}
 g - 2 potions of curing {unknown}
 j - a potion of mutation {unknown}
 l - 2 potions of lignification {unknown}
 n - a potion of heal wounds {unknown}


   Skills:
 + Level 4.9 Fighting
 + Level 1.9 Short Blades
 + Level 1.9 Long Blades
 + Level 1.9 Axes
 + Level 1.9 Maces & Flails
 + Level 4.9 Polearms
 + Level 1.9 Staves
 + Level 1.9 Slings
 + Level 1.9 Bows
 + Level 1.9 Crossbows
 + Level 3.2 Throwing
 + Level 3.2 Armour
 + Level 4.9 Dodging
 + Level 1.9 Stealth
 + Level 1.9 Shields
 + Level 1.9 Unarmed Combat
 + Level 5.3 Spellcasting
 + Level 1.5 Conjurations
 + Level 1.5 Hexes
 + Level 1.5 Summonings
 + Level 1.5 Necromancy
 + Level 5.6 Translocations
 + Level 1.5 Transmutations
 + Level 1.5 Fire Magic
 + Level 1.5 Ice Magic
 + Level 1.5 Air Magic
 + Level 1.5 Earth Magic
 + Level 1.5 Poison Magic
 + Level 2.1 Invocations
 + Level 1.9 Evocations


You had 13 spell levels left.
You knew the following spells:

 Your Spells              Type           Power      Damage    Failure   Level
a - Blink                 Tloc           32%        N/A       3%          2

Your spell library contained the following spells:

 Spells                   Type           Power      Damage    Failure   Level
 Gell's Gravitas          Tloc           16%        N/A       7%          3
 Lesser Beckoning         Tloc           16%        N/A       7%          3
 Teleport Other           Tloc           16%        N/A       7%          3
 Manifold Assault         Tloc           16%        N/A       54%         5


Dungeon Overview and Level Annotations

Branches:
Dungeon (4/15)
 Temple: D:4-7

Altars:
Hepliaklqana

Shops:
D:2 *   D:3 ?

Annotations:
D:3 Pikel


Innate Abilities, Weirdness & Mutations

You have very sharp teeth.
Your uncanny sense of smell can sniff out nearby items.
Your experience applies equally to all skills.


Message History

Pikel zaps a wand.
You resist with some effort. The lemure hits you but does no damage.
You closely miss Pikel. Your punch misses Pikel.
Pikel is lightly wounded.
Pikel hits you with a +1 whip of flaming!
Pikel burns you. The lemure hits you!
You hit Pikel. You freeze Pikel.
Pikel is lightly wounded.
Pikel zaps a wand.
You resist with some effort. The lemure closely misses you.
You hit Pikel but do no damage.
Pikel is lightly wounded.
Pikel zaps a wand.
Your will is overpowered!
You are confused.
The lemure hits you but does no damage.
You bump into the rock wall.
Pikel says, "Asmodeus and me are pals.
He gave me this whip."
Pikel zaps a wand.
You resist with some effort. The lemure hits you!
Unknown command.
You bump into the rock wall.
Pikel says, "You'll feel the lick of my whip!"
Pikel hits you with a +1 whip of flaming.
Pikel burns you.
* * * LOW HITPOINT WARNING * * *
The lemure hits you but does no damage.
Unknown command.
You're too confused to move!
Pikel zaps a wand.
You resist with some effort. The lemure closely misses you.
You barely miss Pikel.
Pikel is lightly wounded.
Pikel closely misses you. The lemure closely misses you.
You bump into the rock wall.
Pikel completely misses you. The lemure hits you.
* * * LOW HITPOINT WARNING * * *
You closely miss Pikel.
Pikel is lightly wounded.
You bump into the rock wall.
You feel less confused.
Pikel hits you with a +1 whip of flaming.
* * * LOW HITPOINT WARNING * * *
Pikel burns you.
You die...

###.......#####....)..#
##..........##...#.####
#...######..#####.#
#..## ##.#####.#
#..###### #.##....#
##...#...# #.#..#..#
##....._.# #......##
###......# #####K## #
######## #@# ## #5#
.######### #.#
.#.......#######.#
......##.##...##.#
##.##.....))#....#
#.#####.##...####
#.......######
#########


You could see Pikel and a lemure.

Vanquished Creatures
  2 orc wizards (D:3)
  Natasha (thrice) (D:1)
  Robin (D:3)
  5 adders
  2 dart slugs (D:3)
  10 orcs (D:3)
  7 bats
  5 endoplasms
  2 giant cockroaches
  17 goblins
  6 hobgoblins
  8 jackals
  3 kobolds
  A quokka (D:2)
  5 ball pythons
  5 frilled lizards
  4 rats
86 creatures vanquished.

Notes
Turn   | Place    | Note
-------+----------+-------------------------------------------
     0 | D:1      | Ablot the Gnoll Warper began the quest for the Orb.
     0 | D:1      | Reached XP level 1. HP: 20/20 MP: 6/6
    76 | D:1      | Reached XP level 2. HP: 25/26 MP: 7/7
    81 | D:1      | Learned a level 2 spell: Blink
   637 | D:1      | Reached XP level 3. HP: 31/31 MP: 9/9
   670 | D:1      | Reached skill level 5 in Spellcasting
   906 | D:2      | Noticed Natasha
   918 | D:1      | Reached skill level 1 in Invocations
  1088 | D:1      | Killed Natasha
  1089 | D:1      | Reached skill level 1 in Short Blades
  1089 | D:1      | Reached skill level 1 in Long Blades
  1089 | D:1      | Reached skill level 1 in Axes
  1089 | D:1      | Reached skill level 1 in Maces & Flails
  1089 | D:1      | Reached skill level 1 in Staves
  1089 | D:1      | Reached skill level 1 in Slings
  1089 | D:1      | Reached skill level 1 in Bows
  1089 | D:1      | Reached skill level 1 in Crossbows
  1089 | D:1      | Reached skill level 1 in Stealth
  1089 | D:1      | Reached skill level 1 in Shields
  1089 | D:1      | Reached skill level 1 in Unarmed Combat
  1089 | D:1      | Reached skill level 1 in Evocations
  1089 | D:1      | Reached XP level 4. HP: 26/38 MP: 11/11
  1223 | D:1      | Noticed Natasha
  1243 | D:1      | Killed Natasha
  1698 | D:1      | Noticed Natasha
  1711 | D:1      | Killed Natasha
  1712 | D:1      | Reached skill level 1 in Conjurations
  1712 | D:1      | Reached skill level 1 in Hexes
  1712 | D:1      | Reached skill level 1 in Summonings
  1712 | D:1      | Reached skill level 1 in Necromancy
  1712 | D:1      | Reached skill level 1 in Transmutations
  1712 | D:1      | Reached skill level 1 in Fire Magic
  1712 | D:1      | Reached skill level 1 in Ice Magic
  1712 | D:1      | Reached skill level 1 in Air Magic
  1712 | D:1      | Reached skill level 1 in Earth Magic
  1712 | D:1      | Reached skill level 1 in Poison Magic
  1924 | D:2      | Reached XP level 5. HP: 43/43 MP: 12/12
  2065 | D:2      | Found Natiheiw's General Store.
  2079 | D:2      | Bought a scroll of identify for 26 gold pieces
  2381 | D:3      | Found Juexem's Magic Scroll Boutique.
  2393 | D:3      | Bought a scroll of fog for 28 gold pieces
  2974 | D:3      | Found a hazy altar of Hepliaklqana.
  3135 | D:3      | Reached XP level 6. HP: 16/50 MP: 13/13
  3352 | D:3      | Noticed Robin
  3382 | D:3      | Killed Robin
  3673 | D:3      | Found a hazy altar of Hepliaklqana.
  4184 | D:4      | Noticed Pikel
  4206 | D:3      | HP: 2/50 [Pikel/+1 whip of flaming (6)]
  4206 | D:3      | Slain by Pikel

Illustrated notes

Levels and vault maps discovered:
D:1:      evilmike_arrival_crescent, layout_basic
D:2:      layout_rooms, serial_shops, nicolae_shop_waterfront, minivault_27,
          uniq_natasha
D:3:      layout_loops_cross, nicolae_hepliaklqana_hippocampus, serial_shops,
          shop_fountains, kennysheep_flooded_box, small_statue_intersection,
          uniq_robin
D:4:      layout_cave_pools, uniq_pikel

Skill      XL: |  1  2  3  4  5 |
---------------+----------------+-----
Spellcasting   | 5 |  5.3
Invocations    | 1 2 |  2.1
Short Blades   | 1 |  1.9
Long Blades    | 1 |  1.9
Axes           | 1 |  1.9
Maces & Flails | 1 |  1.9
Staves         | 1 |  1.9
Slings         | 1 |  1.9
Bows           | 1 |  1.9
Crossbows      | 1 |  1.9
Stealth        | 1 |  1.9
Shields        | 1 |  1.9
Unarmed Combat | 1 |  1.9
Evocations     | 1 |  1.9
Conjurations   | 1 |  1.5
Hexes          | 1 |  1.5
Summonings     | 1 |  1.5
Necromancy     | 1 |  1.5
Transmutations | 1 |  1.5
Fire Magic     | 1 |  1.5
Ice Magic      | 1 |  1.5
Air Magic      | 1 |  1.5
Earth Magic    | 1 |  1.5
Poison Magic   | 1 |  1.5
Throwing       | 3 |  3.2
Armour         | 3 |  3.2
Fighting       | |  4.9
Polearms       | |  4.9
Dodging        | |  4.9
Translocations | |  5.6

Action                   |  1- 3 |  4- 6 || total
-------------------------+-------+-------++-------
Melee: Spear             |    66 |       ||    66
       Bite              |     9 |    19 ||    28
       Dagger            |    28 |   260 ||   288
       Punch             |     1 |     5 ||     6
 Stab: Sleeping          |     2 |       ||     2
Armor: Leather armour    |    22 |   103 ||   125
Dodge: Dodged            |    45 |   158 ||   203
